 Dungeon Crawl Stone Soup version 0.16-a0-1243-g6e0463c (webtiles) character file.

2291 Psiweapon the Agent of Entropy (level 9, 33/70 HPs)
             Began as a Hill Orc Abyssal Knight on Oct 12, 2014.
             Was a Priest of Lugonu.
             Quit the game on level 7 of the Dungeon on Oct 13, 2014.
             The game lasted 01:00:47 (8060 turns).

Psiweapon the Agent of Entropy (HOAK)               Turns: 8060, Time: 01:00:47

Health: 33/70      AC:  8    Str: 15    XL:     9   Next: 40%
Magic:  23/23      EV:  7    Int: 13    God:    Lugonu [***...]
Gold:   216        SH:  0    Dex: 12    Spells: 0 memorised, 8 levels left

rFire  . . .     SeeInvis .     a - +1 hand axe
rCold  . . .     Clarity  .     A - +2 ring mail {MR+}
rNeg   . . .     SustAb   +     (no shield)
rPois  .         Gourm    .     (no helmet)
rElec  .         Spirit   .     (no cloak)
rCorr  .         Warding  .     (no gloves)
rMut   .         Stasis   .     (no boots)
MR     +....                    o - amulet of regeneration
Stlth  +.........               u - ring of sustain abilities
                                G - cursed -3 ring of evasion

@: mildly poisoned, somewhat resistant to hostile enchantments, very unstealthy
A: no striking features
a: Depart the Abyss, Bend Space, Banish, Renounce Religion


You were on level 7 of the Dungeon.
You worshipped Lugonu.
Lugonu was most pleased with you.
You were not hungry.

You visited 1 branch of the dungeon, and saw 7 of its levels.
You visited the Abyss 1 time.
You also visited: Sewer.

You collected 216 gold pieces.

Inventory:

Hand weapons
 a - a +1 hand axe (weapon)
 i - a -1 dagger
 l - a +0 hunting sling
 p - a +0 hunting sling
 q - a +0 blowgun
 F - the +3 long sword of Luxury {speed, Str+1}
   (You found it on level 5 of the Dungeon)

   Attacks with this weapon are significantly faster.
   It affects your strength (+1).
Missiles
 f - 89 stones (quivered)
 n - 2 needles of sleeping
 t - 13 poisoned needles
 C - 3 tomahawks
 E - 5 needles of confusion
 T - 2 bolts
Armour
 b - a +0 leather armour
 j - a +0 ring mail
 m - a +0 ring mail
 A - a +2 ring mail of magic resistance (worn)
Magical staves
 L - an uncursed staff of death {unknown}
 S - an uncursed staff of power {unknown}
Jewellery
 o - an amulet of regeneration (around neck)
 r - an uncursed ring of wizardry
 u - a ring of sustain abilities (right hand)
 G - a cursed -3 ring of evasion (left hand)
Magical devices
 y - a wand of cold (0)
 B - a wand of slowing (3)
 M - a wand of confusion (16)
 P - a wand of frost (13)
Scrolls
 d - a scroll of remove curse
 e - 3 scrolls of identify
 g - a scroll of recharging {unknown}
 k - a scroll of fear {unknown}
 w - a scroll of fog {unknown}
 x - a scroll of teleportation {unknown}
 H - a scroll of magic mapping {unknown}
 K - a scroll of silence {unknown}
 Q - a scroll of noise {unknown}
Potions
 h - a potion of cancellation {unknown}
 s - a potion of might {unknown}
 v - a potion of confusion {unknown}
 z - a potion of degeneration {unknown}
 D - a potion of magic
 I - a potion of haste {unknown}
 O - a potion of mutation {unknown}
 R - a potion of lignification {unknown}
Books
 J - a book of the Sky

   Spells                             Type                      Level
   Flight                             Charms/Air                   3
   Airstrike                          Air                          4
   Silence                            Hexes/Air                    5
   Deflect Missiles                   Charms/Air                   6
   Conjure Ball Lightning             Conjuration/Air              6
   Tornado                            Air                          9
Comestibles
 c - 7 meat rations
 N - 4 fruits


   Skills:
 - Level 3.6 Fighting
 - Level 4.6 Long Blades
 - Level 8.5 Axes
 + Level 5.2 Armour
 - Level 0.7 Dodging
 + Level 11.2 Invocations


You had 8 spell levels left.
You didn't know any spells.

Dungeon Overview and Level Annotations

Branches:
Dungeon (7/15)             Temple (0/1) D:5

Altars:
Dithmenos
Elyvilon
Fedhas
Kikubaaqudgha
Makhleb
Sif Muna
Zin

Shops:
D:4 :   D:5 [


Message History

The gnoll shaman hits you with a club.
You barely miss the gnoll shaman.
The gnoll shaman is moderately wounded.
You barely miss the adder zombie.
The adder zombie bites you but does no damage.
The gnoll hits you from afar with a glowing spear.
You are poisoned.
The gnoll shaman hits you with a club.
You feel sick. The adder zombie bites you.
You see here a quokka corpse.
You hit the adder zombie.
The gnoll hits you from afar with a spear of venom.
You are more poisoned.
The adder zombie bites you but does no damage.
You hit the adder zombie.
You feel sick. The gnoll closely misses you.
The gnoll hits you but does no damage.
You closely miss the adder zombie.
You feel sick. The adder zombie barely misses you.
The gnoll hits you but does no damage.
You are more poisoned.
Are you sure you want to abandon this character and quit the game? (Confirm with "yes".)

....# #. .... ....# #Z
..... ....# .. ##. .....#
....... ...# .. .......
.####.. .....#g ....#.. ##
. ........##.......
#.rg.g......>.
##################g...#.(.
...............)@Zg##.#
.################### # .#
##


You could see a gnoll shaman, a gnoll and an adder zombie.

Vanquished Creatures
  Edmund (D:6)
  A sky beast (D:6)
  2 ogres
  3 giant frogs
  4 scorpions
  5 hounds
  3 crimson imps
  2 goliath beetles (D:6)
  A giant frog zombie (D:5)
  A centaur zombie (D:6)
  An iguana (D:4)
  3 worker ants
  A hound zombie (D:6)
  19 adders
  8 gnolls
  2 green rats (D:6)
  4 giant mites
  A shadow imp (D:7)
  2 worms
  5 giant geckos
  13 orcs
  6 ball pythons
  13 goblins
  11 hobgoblins
  12 jackals
  2 quokkas
  11 bats
  5 giant cockroaches
  6 giant newts
  A giant spore (D:6)
  2 goblin zombies (D:5)
  16 kobolds
  14 rats
  A ballistomycete (D:6)
182 creatures vanquished.

Vanquished Creatures (others)
  A hippogriff (D:6)
  The ghost of ciphuk the Poker, an average MfDK of Yredelemnul (D:3)
  2 ice beasts
  A water moccasin (D:6)
  A phantom (D:5)
  3 centaurs
  A hound (D:4)
  2 orc priests (D:5)
  An orc wizard (D:3)
  A worker ant (D:4)
14 creatures vanquished.

Grand Total: 196 creatures vanquished

Notes
Turn   | Place    | Note
--------------------------------------------------------------
     0 | Abyss:1  | Psiweapon, the Hill Orc Abyssal Knight, began the quest for the Orb.
     0 | Abyss:1  | Reached XP level 1. HP: 19/19 MP: 1/1
    24 | D:1      | Escaped the Abyss
   412 | D:1      | Reached XP level 2. HP: 16/26 MP: 1/3
   994 | D:1      | Acquired Lugonu's second power
  1249 | D:2      | Reached XP level 3. HP: 31/31 MP: 5/5
  1401 | D:2      | Reached skill level 4 in Axes
  1484 | D:2      | Found a blossoming altar of Fedhas.
  1608 | D:2      | Reached XP level 4. HP: 26/39 MP: 7/7
  2161 | D:3      | Acquired Lugonu's third power
  2255 | D:3      | Found an ancient bone altar of Kikubaaqudgha.
  2267 | D:3      | Found a deep blue altar of Sif Muna.
  2277 | D:3      | Noticed ciphuk's ghost (average MfDK)
  2297 | D:3      | Banished ciphuk's ghost
  2297 | D:3      | Reached skill level 5 in Axes
  2297 | D:3      | Reached skill level 5 in Invocations
  2297 | D:3      | Reached XP level 5. HP: 39/45 MP: 4/9
  2590 | D:3      | Found a shadowy altar of Dithmenos.
  2708 | D:3      | Reached skill level 6 in Axes
  2746 | D:3      | Reached XP level 6. HP: 51/51 MP: 12/12
  3295 | D:3      | Found a burning altar of Makhleb.
  3340 | D:3      | Found a white marble altar of Elyvilon.
  3710 | D:4      | Found Fuehaf's Book Emporium.
  3766 | D:4      | Acquired Lugonu's fourth power
  3791 | D:4      | Reached skill level 7 in Axes
  3878 | D:4      | Reached XP level 7. HP: 57/57 MP: 16/16
  4586 | D:4      | Reached skill level 8 in Axes
  4728 | D:5      | Entered Level 5 of the Dungeon
  5086 | D:5      | Found a staircase to the Ecumenical Temple.
  5152 | D:5      | Got a bone long sword
  5153 | D:5      | Identified the +3 long sword of Luxury {speed, Str+1} (You found it on level 5 of the Dungeon)
  5164 | D:5      | Reached XP level 8. HP: 53/64 MP: 19/19
  5231 | D:5      | Reached skill level 1 in Long Blades
  5477 | D:5      | Found Cehucriu's Antique Armour Shoppe.
  6190 | D:6      | Reached skill level 9 in Invocations
  6515 | D:6      | Found a glowing drain.
  6592 | Sewer    | Entered a sewer
  6870 | Sewer    | Reached skill level 10 in Invocations
  6965 | D:6      | Reached XP level 9. HP: 70/70 MP: 22/22
  6992 | D:6      | Noticed Edmund
  7006 | D:6      | Killed Edmund
  7602 | D:6      | Reached skill level 11 in Invocations
  7700 | D:6      | Reached skill level 5 in Armour
  7925 | D:7      | Found a glowing silver altar of Zin.
  8060 | D:7      | Quit the game

Action                   |  1- 3 |  4- 6 |  7- 9 || total
-------------------------+-------+-------+-------++-------
Melee: Hand axe          |   114 |   222 |   463 ||   799
       Dagger            |       |     3 |       ||     3
       Long sword        |       |       |    12 ||    12
 Fire: Hunting sling     |    21 |       |       ||    21
       Blowgun           |       |    27 |    66 ||    93
Throw: Stone             |     4 |    48 |     7 ||    59
Invok: Banish            |       |     6 |    14 ||    20
       Bend Space        |       |     4 |     6 ||    10
Evoke: Wand              |       |       |    12 ||    12
  Use: Potion            |       |     3 |     3 ||     6
       Scroll            |       |     2 |       ||     2
 Stab: Sleeping          |       |     1 |       ||     1
       Confused          |       |       |     3 ||     3
  Eat: Chunk             |     2 |     4 |     8 ||    14
       Bread ration      |       |     2 |       ||     2
       Fruit             |       |       |     6 ||     6
       Beef jerky        |       |       |     3 ||     3
       Meat ration       |       |       |     1 ||     1
